 Dungeon Crawl Stone Soup version 0.31-a0-214-gb37851dbb3 (webtiles) character file.

Game seed: 15353025385365818242

120 qw the Shooter (level 5, 0/30 HPs)
             Began as a Gargoyle Hexslinger on July 1, 2023.
             Killed from afar by Sigmund (9 damage)
             ... with a magic dart
             ... on level 3 of the Dungeon.
             The game lasted 00:00:53 (2287 turns).

qw the Shooter (Gargoyle Hexslinger)                Turns: 2287, Time: 00:00:54

Health: 0/30       AC: 10    Str: 10    XL:     5   Next: 4%
Magic:  6/6        EV: 15    Int: 11    God:
Gold:   176        SH:  0    Dex: 14    Spells: 5/6 levels left

rFire   + . .        Y - +1 sling
rCold   + . .        (no shield)
rNeg    + + .        d - +0 ring mail
rPois   inf          f - +0 helmet
rElec   +            (no cloak)
rCorr   +            (no gloves)
SInv    .            (no boots)
Will    .....        (no amulet)
Stlth   +            b - ring of positive energy
HPRegen 0.25/turn    c - +5 ring of evasion
MPRegen 0.10/turn

%: clarity
@: resistant
A: sickness immunity, AC +4, negative energy resistance 1, electricity
resistance, torment resistance 1, petrification resistance, clarity,
deterioration 1, dopey 1, weak 1
a: no special abilities


You were on level 3 of the Dungeon.
You visited 1 branch of the dungeon, and saw 4 of its levels.

You collected 176 gold pieces.


Innate Abilities, Weirdness & Mutations

You are immune to sickness and miasma.
Your stone body is resilient. (AC +4)
You are immune to poison.
You resist negative energy. (rN+)
You are resistant to electric shocks. (rElec)
You are resistant to unholy torment.
You are immune to petrification.
You possess an exceptional clarity of mind.
Your body sometimes deteriorates upon taking damage.
You are dopey. (Int -2)
You are weak. (Str -2)


   Skills:
 - Level 2.0 Fighting
 + Level 4.6 Ranged Weapons
 - Level 1.0 Armour
 - Level 1.5 Dodging
 - Level 1.0 Spellcasting
 - Level 2.6 Hexes


You had 5 spell levels left.
You knew the following spells:

 Your Spells              Type           Power      Damage    Failure   Level
a - Slow                  Hex            24%        N/A       26%         1

Your spell library contained the following spells:

 Spells                   Type           Power      Damage    Failure   Level
 Inner Flame              Hex/Fire       3%         N/A       80%         3
 Portal Projectile        Hex/Tloc       6%         N/A       80%         3
 Cause Fear               Hex            3%         N/A       95%         4

Inventory:

Hand Weapons
 Y - a +1 sling (weapon)
Armour
 d - a +0 ring mail (worn)
 f - a +0 helmet (worn)
Jewellery
 b - a ring of positive energy (left hand)
 c - a +5 ring of evasion (right hand)
Potions
 a - 2 potions of curing
 h - a potion of attraction {unknown}
 i - a potion of resistance
 j - a potion of might {unknown}
 l - a potion of berserk rage {unknown}

Dungeon Overview and Level Annotations

Branches:
Dungeon (4/15)
 Temple: D:4-7

Altars:

Annotations:
D:3 Sigmund


Message History

Sigmund is nearby!
Waypoint 3 assigned to D:4.
You shoot a sling bullet. The sling bullet hits Sigmund.
Sigmund is lightly wounded.
Sigmund hits you with a +5 vampiric scythe.
You shoot a sling bullet.
The sling bullet closely misses Sigmund.
Sigmund hits you with a +5 vampiric scythe.
You shoot a sling bullet.
The sling bullet closely misses Sigmund.
A dart slug comes into view.
You shoot a sling bullet.
The sling bullet closely misses Sigmund.
Sigmund closely misses you.
You shoot a sling bullet. The sling bullet hits Sigmund.
Sigmund is moderately wounded.
Sigmund hits you with a +5 vampiric scythe!
2284 ||| STAIRDANCE Sigmund hits you with a +5 vampiric scythe!
The dart slug launches a dart at you.
The slug dart hits you but does no damage.
You climb upwards.
There is a stone staircase leading down here.
Enter note:
Enter note:
Enter note:
Enter note:
Enter note:
Enter note:
Enter note:
Enter note:
Enter note: You shoot a sling bullet.
The sling bullet hits Sigmund.
Sigmund is moderately wounded.
Sigmund barely misses you.
You shoot a sling bullet. The sling bullet hits Sigmund.
Sigmund is heavily wounded.
Sigmund points at you and mumbles some strange words.
The magic dart hits you!
You die...

###.########
#.##..###..###.##.# ##.##
#.##...........##.# #...#
#.###############.# #...#
###.#### #.## #...# ###......#
#... #...# #........# #######
#### ##...#####.#.#.#..#
#.....# #
...........#.#.#@.###.....# #
...............#@.#.......#
####
...........#...#..#.#...<.#
#...
##...#####........#.#.....#
#.## #...# ######..####.#######
#.## #.#.###.## #..# #.# #.##
#...##.#.###..# #.# #.##
#...#.###.##.(####.# #...
##...##
##.#.......#############
####.###.###........#......####


You could see Sigmund.

Vanquished Creatures
  Jessica (D:3)
  2 adders (D:3)
  4 dart slugs
  5 orcs (D:3)
  5 bats
  6 endoplasms
  4 goblins
  4 hobgoblins
  7 jackals (D:1)
  3 quokkas (D:3)
  6 ball pythons
  3 frilled lizards
  5 kobolds
  2 rats (D:2)
57 creatures vanquished.

Notes
Turn   | Place    | Note
-------+----------+-------------------------------------------
     0 | D:1      | qw the Gargoyle Hexslinger began the quest for the Orb.
     0 | D:1      | Reached XP level 1. HP: 12/12 MP: 2/2
     0 | D:1      | 0 ||| qw: Version: 0.3-a-32-g5962c71
     0 | D:1      | 0 ||| qw: Game counter: 7377
     0 | D:1      | 0 ||| qw: Melee chars always use a shield: true
     0 | D:1      | 0 ||| qw: God list: Okawaru
     0 | D:1      | 0 ||| qw: Allow faded altars: false
     0 | D:1      | 0 ||| qw: Do Orc after clearing Dungeon:15 true
     0 | D:1      | 0 ||| qw: Do second Lair branch before Depths: true
     0 | D:1      | 0 ||| qw: Lair rune preference: random
     0 | D:1      | 0 ||| qw: Goals: Normal
     0 | D:1      | 0 ||| PLANNING D:1-11
   200 | D:1      | Reached XP level 2. HP: 7/16 MP: 3/3
   270 | D:1      | You fall into a shaft and drop 1 floor!
   277 | D:2      | Identified the +8 mace of Twilight {heavy, rElec Int+3}
   334 | D:2      | Reached skill level 3 in Ranged Weapons
   392 | D:2      | 392 ||| UPGRADING to +0 ring mail.
   402 | D:2      | 402 ||| DROPPING +0 robe.
   403 | D:2      | 403 ||| READING scroll labelled YXEXOD ONESS.
   404 | D:2      | 404 ||| DRINKING 2 glowing orange potions.
   452 | D:2      | 452 ||| DROPPING scroll of poison.
   453 | D:2      | 453 ||| DROPPING potion of lignification.
   510 | D:1      | Reached XP level 3. HP: 16/21 MP: 4/4
   522 | D:1      | 522 ||| FLEEEEING.
   936 | D:1      | 936 ||| UPGRADING to ring of positive energy.
  1198 | D:2      | Found a faded altar of an unknown god.
  1538 | D:2      | 1538 ||| UPGRADING to +0 helmet.
  1543 | D:2      | 1543 ||| UPGRADING to +5 ring of evasion.
  1544 | D:2      | 1544 ||| READING scroll labelled UKOTAX LEEP.
  1545 | D:2      | 1545 ||| READING scroll labelled MOANUB DEGEZ.
  1546 | D:2      | 1546 ||| READING 3 scrolls labelled OHAOTO QYIF.
  1547 | D:2      | 1547 ||| READING scroll labelled ZAIBLA ALUPSESA.
  1548 | D:2      | 1548 ||| READING scroll labelled LOAWUYMYO.
  1549 | D:2      | 1549 ||| DRINKING 3 pink potions.
  1550 | D:2      | 1550 ||| DROPPING 2 scrolls of blinking.
  1719 | D:3      | Reached skill level 1 in Armour
  1727 | D:3      | Noticed Jessica
  1740 | D:3      | Killed Jessica
  1741 | D:3      | Reached skill level 4 in Ranged Weapons
  1741 | D:3      | Reached XP level 4. HP: 26/26 MP: 5/5
  2112 | D:3      | Reached XP level 5. HP: 30/30 MP: 6/6
  2259 | D:3      | 2259 ||| READING scroll labelled CARUETT RIAMMI.
  2260 | D:3      | 2260 ||| READING 2 scrolls labelled CEMMUR QELA.
  2261 | D:3      | 2261 ||| DRINKING 2 black potions.
  2261 | D:3      | Gained mutation: You occasionally lose the ability to drink
                  | potions when taking damage. [potion of mutation]
  2261 | D:3      | Gained mutation: You have sharp fingernails. [potion of
                  | mutation]
  2261 | D:3      | Gained mutation: Potions are less effective at restoring
                  | your health. [potion of mutation]
  2262 | D:3      | 2262 ||| DRINKING potion of mutation.
  2262 | D:3      | Lost mutation: Potions are less effective at restoring your
                  | health. [potion of mutation]
  2262 | D:3      | Lost mutation: You occasionally lose the ability to drink
                  | potions when taking damage. [potion of mutation]
  2262 | D:3      | Lost mutation: You have sharp fingernails. [potion of
                  | mutation]
  2262 | D:3      | Gained mutation: You are weak. (Str -2) [potion of
                  | mutation]
  2262 | D:3      | Gained mutation: Your body sometimes deteriorates upon
                  | taking damage. [potion of mutation]
  2262 | D:3      | Gained mutation: You are dopey. (Int -2) [potion of
                  | mutation]
  2262 | D:3      | Gained mutation: You possess an exceptional clarity of
                  | mind. [potion of mutation]
  2263 | D:3      | 2263 ||| DRINKING 2 fuming ruby potions.
  2264 | D:3      | 2264 ||| DROPPING scroll of noise.
  2278 | D:4      | Noticed Sigmund
  2284 | D:4      | 2284 ||| STAIRDANCE
  2287 | D:3      | Killed from afar by Sigmund

Levels and vault maps discovered:
D:1:      dpeg_arrival_erosion, layout_basic
D:2:      layout_basic, nicolae_ecumenical_lake_church
D:3:      layout_loops_cross, grunt_ministairs_11, uniq_jessica
D:4:      layout_loops_ring, minmay_temple_entry_glass, uniq_sigmund,
          uniq_natasha

Skill      XL: |  1  2  3 |
---------------+----------+-----
Ranged Weapons | 3 4 |  4.6
Fighting       | 2 |  2.0
Armour         | 1 |  1.0
Dodging        | |  1.5
Spellcasting   | |  1.0
Hexes          | |  2.6

Action                     |  1- 3 |  4- 6 || total
---------------------------+-------+-------++-------
   Fire: Sling             |   142 |    51 ||   193
    Use: Scroll            |     6 |     2 ||     8
         Potion            |     2 |     3 ||     5
 Armour: Robe              |    21 |       ||    21
         Ring mail         |    26 |     5 ||    31
  Dodge: Dodged            |    74 |    17 ||    91

Table legend:
 A = Non-vault XP
 B = Vault XP
 C = Vault XP percentage of total XP
 D = Non-vault monster count
 E = Vault monster count
 F = Vault count percentage of total count
                 A         B        C        D         E       F
            +---------+---------+-------+---------+---------+-------
      Total |     120 |      52 |  30.2 |      54 |       3 |   5.3
            +---------+---------+-------+---------+---------+-------
        D:1 |      33 |       0 |   0.0 |      17 |       0 |   0.0
        D:2 |      24 |       0 |   0.0 |      15 |       0 |   0.0
        D:3 |      63 |      52 |  45.2 |      22 |       3 |  12.0
            +---------+---------+-------+---------+---------+-------
